[Event "Early-Titled-Tuesday-Blitz-January-23-2024"]
[Site "Chess.com"]
[Date "2024.01.23"]
[Round "7"]
[White "GianmarcoVaR"]
[Black "ChainedDowntohell"]
[Result "0-1"]
[WhiteElo "2741"]
[BlackElo "2588"]
[TimeControl "180+1"]
[EndTime "9:19:40 PST"]
[Termination "ChainedDowntohell won by checkmate"]

1. d4 Nf6 2. Nf3 e6 3. Bf4 b6 4. e3 Bb7 5. Nbd2 d5 6. c3 Bd6 7. Ne5 O-O 8. g4 Nfd7 9. g5 Nc6 10. Ndf3 Ne7 11. h4 Nf5 12. Rg1 Kh8 13. Bb5 Nxe5 14. dxe5 Be7 15. h5 c5 16. Bd3 Qd7 17. Qe2 b5 18. Bxb5 Bc6 19. Bd3 Rab8 20. Rb1 Rb6 21.
g6 fxg6 22. hxg6 h6 23. Ng5 Kg8 24. Nh7 Rfb8 25. Qh5 Rxb2 26. Rxb2 Rxb2 27. Kf1 Bb5 28.
Bxb5 Rb1+ 29. Kg2 Rxg1+ 30. Kxg1 Qxb5 31. Ng5 Bxg5 32. Bxg5 hxg5 33. Qh7+ Kf8 34. Qh8+ Ke7 35. Qg8 Qe8 36. Qh7 Nh4 37. Qxg7+ Kd8 38. Qf6+ Kd7 39. g7 Ng6 40. Qxg5 Ne7 41. Qf6 Qg8 42. Qf8 Qh7 43. Kf1 Qg6 44. Ke2 c4 45. Ke1 Qb1+ 46. Ke2 Qd3+ 47.
Kf3 Qf5+ 48. Kg2 Qg5+ 49. Kf1 Qxe5 50. g8=Q Nxg8 51. Qxg8 Qxc3 52. Qf7+ Kd6 53. Qxa7 Qd3+ 54. Kg2 c3 55. Qb8+ Kd7 56. Qb7+ Kd6 57. Qb4+ Kc6 58.
Qa4+ Kc5 59. Qa7+ Kb5 60. Qb7+ Ka5 61. Qc7+ Kb5 62. Qd7+ Ka5 63. Qd8+ Kb5 64. Qb8+ Ka5 65. Qa8+ Kb5 66. Qb7+ Ka5 67. Qb3 Qc4 68. Qa3+ Kb5 69.
Qc1 c2 70. Qb2+ Kc6 71. Qc1 Qd3 72. Kg3 Qd1 73. Qa3 c1=Q 74. Qa6+ Kd7 75. Qb5+ Qc6 76. Qb3 Qxb3 77. axb3 Qc2 78. b4 Qb3 79. b5 Qxb5 80. Kg4 Qc6 81. Kg5 Qd6 82. Kf6 Qe7+ 83. Ke5 Qg7+ 84. Kf4 Qf6+ 85. Kg3 Qg5+ 86. Kf3 e5 87. Ke2 e4 88. f4 Qg2+ 89. Kd1 Ke6 90. Kc1 Kf5 91. Kb1 Kg4 92. Ka1 Kf3 93. f5 Kxe3 94.
f6 Kd3 95. f7 Kc3 96. f8=Q Qb2# 0-1

[Event "Early-Titled-Tuesday-Blitz-January-23-2024"]
[Site "Chess.com"]
[Date "2024.01.23"]
[Round "7"]
[White "platy3"]
[Black "Natalya_Buksa"]
[Result "1-0"]
[WhiteElo "2870"]
[BlackElo "2594"]
[TimeControl "180+1"]
[EndTime "9:19:44 PST"]
[Termination "platy3 won by resignation"]

1. e4 c5 2. Nf3 Nc6 3. d4 cxd4 4.
Nxd4 e5 5. Nb5 d6 6. N1c3 a6 7. Na3 Be7 8. Be3 Nf6 9. Nc4 b5 10. Nb6 Rb8 11. Nxc8 Qxc8 12. Be2 O-O 13. O-O b4 14.
Nd5 Nxe4 15. a4 Rd8 16. Qd3 Nf6 17. Rfc1 Nxd5 18. Qxd5 Bf6 19. a5 Nd4 20. Bxd4 exd4 21. Bd3 g6 22. b3 Ra8 23. Re1 Ra7 24. Re2 Qc5 25. Qf3 Kg7 26. g3 h5 27. h4 Be5 28.
Re4 f5 29. Ree1 Rf8 30. Qg2 Rff7 31. f4 Bf6 32. Re6 Rfe7 33. Rae1 Rxe6 34. Rxe6 Qxa5 35. Qc6 Qc7 36. Qxc7+ Rxc7 37. Rxd6 a5 38. Ra6 Rc5 39. Kf1 Be7 40. Bc4 d3 41. Bxd3 Bf6 42. Ra7+ Kh8 43. Bc4 Rc6 44. Rxa5 Bc3 45. Ra8+ Kh7 46.
Ra7+ Kh8 47. Ke2 Rd6 48. Ra8+ Kh7 49. Bd3 Re6+ 50. Kf2 Rd6 51. Rc8 Kg7 52. Rc7+ Kh8 53. Re7 Kg8 54. Kf3 Kh8 55. Ke3 Kg8 56. Bc4+ Kh8 57. Rb7 Bd4+ 58. Kf3 Bc3 59. Bf7 Kg7 60. Be8+ Kh6 61. Bb5 Re6 62. Bc4 Re8 63. Rd7 Rf8 64. Re7 Rd8 65. Bf7 Rf8 66. Bc4 Rd8 67. Ke3 Bd4+ 68.
Ke2 Bc3 69. Be6 Rf8 70. Kd3 Rd8+ 71. Kc4 Bf6 72. Rf7 Bc3 73. Bd5 Be1 74. Re7 Bxg3 75. Be6 Bxh4 76. Rf7 Bg3 77. Kxb4 h4 78. Rd7 h3 79.
Rxd8 h2 80. Rh8+ Kg7 81. Rh3 Kf6 82. Bd5 g5 83. Rxg3 gxf4 84. Rh3 f3 85. Bxf3 Ke5 86. Rxh2 f4 87. Rh3 Kd4 88. c4 Ke3 89. c5 Kf2 90. c6 1-0

[Event "Early-Titled-Tuesday-Blitz-January-23-2024"]
[Site "Chess.com"]
[Date "2024.01.23"]
[Round "7"]
[White "aghasiyevkamal"]
[Black "cthulhuuu"]
[Result "1-0"]
[WhiteElo "2620"]
[BlackElo "2440"]
[TimeControl "180+1"]
[EndTime "9:19:45 PST"]
[Termination "aghasiyevkamal won on time"]

1. e4 d6 2. d4 Nf6 3. Nc3 c6 4.
h3 e5 5. Nf3 Qc7 6. a4 Be7 7.
Bc4 O-O 8. O-O a5 9. dxe5 dxe5 10. Qe2 Nbd7 11. Nh4 Nc5 12. Bg5 Ne6 13. Bxf6 Bxf6 14.
Bxe6 Bxe6 15. Nf5 g6 16. Nh6+ Kg7 17. Ng4 Be7 18. Qe3 h5 19. Qh6+ Kg8 20. Ne3 Qd8 21. Rad1 Bg5 22. Rxd8 Bxh6 23. Rd3 Rfd8 24. Rfd1 Bg5 25.
b3 Kf8 26. Kf1 Ke7 27. Ke2 Rxd3 28. Rxd3 Rd8 29. Rxd8 Kxd8 30. Kd3 Kc7 31. Nc4 Bxc4+ 32. Kxc4 f5 33. exf5 gxf5 34. f3 h4 35. Ne2 Be3 36. Kd3 Bc5 37. g4 e4+ 38. fxe4 fxg4 39. hxg4 h3 40. Ng3 Bd6 41. Nh1 Kd7 42. Ke2 Ke6 43. Kf3 Kf6 44. Nf2 h2 45. Kg2 Kg5 46. Nd3 Kxg4 47.
e5 Bc7 48. Kxh2 Kf5 49. Kg2 Bxe5 50. Kf3 Bd4 51. Ke2 Ke4 52. Kd2 b5 53. Ne1 Be3+ 54.
Kc3 Bd4+ 55. Kd2 Bc5 56. Nd3 Bd4 57. c3 Be3+ 58. Kc2 Kd5 59. Nb2 Bb6 60. Nd1 Ba7 61. Nb2 Bf2 62. Kd3 Bg1 63. Nd1 bxa4 64. bxa4 Kc5 65.
Nb2 Bh2 66. Nc4 Bc7 67. Nd2 Kd5 68. Nb3 c5 69. c4+ Kc6 70. Ke4 Bb6 71. Ke5 Bc7+ 72. Ke6 Bb6 73. Nc1 Bc7 74. Nd3 Bb8 75. Ne5+ Kc7 76.
Kd5 Kb6 77. Nd7+ Kb7 78. Nxb8 1-0

[Event "Early-Titled-Tuesday-Blitz-January-23-2024"]
[Site "Chess.com"]
[Date "2024.01.23"]
[Round "7"]
[White "eightbyeightchess"]
[Black "CaspiIsrael"]
[Result "1/2-1/2"]
[WhiteElo "2402"]
[BlackElo "2689"]
[TimeControl "180+1"]
[EndTime "9:20:21 PST"]
[Termination "Game drawn by repetition"]

1. e4 d5 2. exd5 Qxd5 3. d4 e5 4. dxe5 Qxd1+ 5. Kxd1 Bf5 6. f4 Nc6 7. Bb5 O-O-O+ 8. Bd2 Bxc2+ 9. Kxc2 Nd4+ 10. Kc1 Nxb5 11. Nf3 Nh6 12. Nc3 Nxc3 13. Bxc3 Bc5 14. Kc2 Nf5 15.
g3 h6 16. Rac1 Rd7 17. b4 Bb6 18. a4 a6 19. b5 axb5 20. axb5 Rd5 21. Ra1 Rhd8 22.
Ra8+ Kd7 23. Rxd8+ Kxd8 24. Rb1 Ne3+ 25. Kc1 Rd1+ 26. Kb2 Nc4+ 27. Kc2 Rxb1 28. Kxb1 Na3+ 29. Kc1 Nxb5 30. Bb2 Ke7 31. e6 f6 32. f5 Be3+ 33.
Kc2 c5 34. Kd3 Bf2 35. Ke2 Bd4 36. Bxd4 cxd4 37. Kd3 h5 38. h3 g6 39. g4 gxf5 40. gxf5 Nd6 41. Nxd4 Kd8 42. Kc3 Ne4+ 43. Kb4 b6 44.
Kb5 Kc7 45. Kc4 h4 46. Kd5 Ng5 47. Nb5+ Kd8 48. Kd6 Ne4+ 49. Kd5 Ng3 50. Nd6 b5 51. Kc5 Ke7 52. Nc8+ Kd8 53. Nd6 Nh5 54. Kxb5 Nf4 55. Ne4 Ke7 56. Nf2 Ng2 57. Kc5 Ne3 58. Kd4 Nxf5+ 59. Ke4 Kxe6 60. Kf4 Nh6 61. Nd3 Kf7 62. Ne1 Kg6 63. Ng2 Kh5 64. Ne3 Nf7 65. Kf5 Ng5 66. Ng2 Nh7 67. Nf4+ Kh6 68. Ng2 Kh5 69. Nf4+ Kh6 70.
Ng2 Ng5 71. Nxh4 Kg7 72. Ng2 Nxh3 73. Nf4 Nxf4 74. Kxf4 Kg6 75. Kg4 Kh6 76. Kf5 Kg7 77. Kf4 Kf7 78. Kf5 Ke7 79. Kf4 Kd6 80. Kf5 Ke7 81.
Kf4 Ke6 82. Ke4 f5+ 83. Kf4 Kf6 84. Kf3 Kg6 85. Kf4 Kf6 86. Kf3 Kg5 87. Kg3 Kh5 88. Kf4 Kg6 89. Kf3 Kf6 90. Kf4 Ke6 91. Kf3 Ke5 92.
Ke3 Kd5 93. Kf4 Ke6 94. Kf3 Ke5 95. Ke3 f4+ 96. Kf3 Kf5 97. Kf2 Kg5 98. Kf3 Kf5 99. Kf2 Kg4 100. Kg2 Kh4 101. Kf3 Kg5 102. Kf2 Kg4 103.
Kg2 Kf5 104. Kf3 Ke5 105. Kf2 Ke4 106. Ke2 f3+ 107. Kf2 Kf4 108. Kf1 Ke5 109. Kf2 Kf4 110. Kf1 Kg4 111. Kf2 Kf4 1/2-1/2

[Event "Early-Titled-Tuesday-Blitz-January-23-2024"]
[Site "Chess.com"]
[Date "2024.01.23"]
[Round "7"]
[White "DefiantChair"]
[Black "Zurability"]
[Result "1/2-1/2"]
[WhiteElo "2566"]
[BlackElo "2744"]
[TimeControl "180+1"]
[EndTime "9:20:26 PST"]
[Termination "Game drawn - insufficient material"]

1. e4 e5 2. Nf3 Nc6 3. Bb5 a6 4. Ba4 Nf6 5. O-O Be7 6. Re1 d6 7. c3 O-O 8. h3 b5 9. Bc2 Bb7 10.
d4 Re8 11. a3 Bf8 12. Nbd2 Nb8 13. b3 Nbd7 14. Bb2 g6 15. a4 Bg7 16. d5 c6 17. c4 bxc4 18. bxc4 Nc5 19. Ba3 Nfd7 20.
Nb3 cxd5 21. Nxc5 Nxc5 22. Bxc5 dxe4 23. Nd2 dxc5 24. Bxe4 Ra7 25. Bxb7 Rxb7 26. Ne4 Rd7 27. Qe2 Qc7 28. Rad1 Rd4 29. Nc3 f5 30. Nd5 Qd7 31. Qc2 e4 32. Rb1 h5 33. Rb6 Re6 34. Reb1 Kh7 35.
Rb7 Qd8 36. Qe2 Rxd5 37. cxd5 Qxd5 38. Rc7 Kh6 39. Qe3+ g5 40. Rxg7 Kxg7 41. Qxg5+ Rg6 42. Qe7+ Kh6 43. Qf8+ Kh7 44. g3 e3 45. Rb8 exf2+ 46. Kxf2 Qd2+ 47. Kf1 Qd1+ 48. Kf2 Qd4+ 49. Kf1 Qd3+ 50.
Kf2 Qxg3+ 51. Ke2 Qg2+ 52. Kd3 Rg3+ 53. Kc4 Qe4+ 54. Kxc5 Rc3+ 55. Kb6 Rc6+ 56. Ka5 Qe1+ 57. Rb4 Qe5+ 58. Rb5 axb5 59. Qf7+ Qg7 60. Qxh5+ Rh6 61. Qxf5+ Kh8 62. Qc8+ Kh7 63. Qf5+ Rg6 64. Qh5+ Kg8 65. Qd5+ Kf8 66. Qd8+ Kf7 67. Qd7+ Kf6 68. Qd6+ Kf5 69. Qd5+ Qe5 70. Qf3+ Qf4 71. Qd3+ Qe4 72. Qd7+ Kf4 73. Qf7+ Kg3 74. axb5 Qa8+ 75. Kb4 Qe4+ 76. Ka5 Qe1+ 77.
Ka4 Qa1+ 78. Kb4 Qb2+ 79. Ka4 Qc2+ 80. Kb4 Qd2+ 81. Ka4 Rd6 82. Qg7+ Kh2 83. Qe5+ Kxh3 84. Qf5+ Kg3 85. Qe5+ Kf3 86. Qf5+ Ke2 87. Qg4+ Kd3 88. Qf3+ Kc2 89. Qb3+ Kc1 90. Qa3+ Kd1 91. Qa1+ Kc2 92. Qa2+ Kc3 93. Qxd2+ Kxd2 94. Ka5 Kc3 95. b6 Rd1 96. b7 Rb1 97. Ka6 Kc4 98. Ka7 Kc5 99. b8=Q Ra1+ 100. Kb7 Rb1+ 101. Kc7 Rxb8 102. Kxb8 1/2-1/2

[Event "Early-Titled-Tuesday-Blitz-January-23-2024"]
[Site "Chess.com"]
[Date "2024.01.23"]
[Round "8"]
[White "Shodikulov_Jamshid1990"]
[Black "AsselLesbekova"]
[Result "0-1"]
[WhiteElo "2453"]
[BlackElo "2298"]
[TimeControl "180+1"]
[EndTime "9:22:24 PST"]
[Termination "AsselLesbekova won by resignation"]

1. e4 e5 2. Nf3 Nf6 3. Nxe5 Nxe4 4. Qe2 Qe7 5. Qxe4 d6 6. d4 dxe5 7. Qxe5 Qxe5+ 8. dxe5 Bf5 9. Nc3 Nc6 10. Bf4 O-O-O 11. Bc4 Rd4 0-1

[Event "Early-Titled-Tuesday-Blitz-January-23-2024"]
[Site "Chess.com"]
[Date "2024.01.23"]
[Round "8"]
[White "Lennis93"]
[Black "Aash20"]
[Result "1-0"]
[WhiteElo "2658"]
[BlackElo "2495"]
[TimeControl "180+1"]
[EndTime "9:22:58 PST"]
[Termination "Lennis93 won by resignation"]

1. d4 d5 2. c4 c6 3. Nf3 Nf6 4. Nc3 dxc4 5. a4 Bg4 6. Ne5 e6 7. f3 Bh5 8. h4 Bd6 9. g4 Bxe5 10.
dxe5 Qxd1+ 11. Nxd1 Nxg4 12. fxg4 Bxg4 13. Rg1 h5 14. Ne3 Nd7 15. Nxc4 Ke7 16. Bf4 f6 17. Rd1 Nb6 18. Ne3 Nxa4 19. Nxg4 hxg4 20. Rxg4 Rhg8 21. exf6+ gxf6 22. Bd6+ Kf7 23. Rxa4 1-0

[Event "Early-Titled-Tuesday-Blitz-January-23-2024"]
[Site "Chess.com"]
[Date "2024.01.23"]
[Round "8"]
[White "Skatchkov_V"]
[Black "soloderisas"]
[Result "0-1"]
[WhiteElo "2613"]
[BlackElo "2498"]
[TimeControl "180+1"]
[EndTime "9:23:05 PST"]
[Termination "soloderisas won by resignation"]

1. d4 d5 2. c4 e6 3. Nf3 Nf6 4. g3 Bb4+ 5. Nbd2 O-O 6. Bg2 c5 7. dxc5 dxc4 8. O-O Bxc5 9. Nxc4 Nc6 10. Bf4 Nd5 11. Bd2 b5 12. Rc1 bxc4 13. Rxc4 Qb6 14.
Qc1 Nd4 15. Nxd4 Bxd4 0-1

[Event "Early-Titled-Tuesday-Blitz-January-23-2024"]
[Site "Chess.com"]
[Date "2024.01.23"]
[Round "8"]
[White "Eloist"]
[Black "mertfelin"]
[Result "1-0"]
[WhiteElo "2415"]
[BlackElo "2269"]
[TimeControl "180+1"]
[EndTime "9:23:14 PST"]
[Termination "Eloist won by resignation"]

1. e4 e5 2. Bc4 Nf6 3. d3 c6 4. Nf3 d5 5. Bb3 Bb4+ 6. Bd2 Bxd2+ 7.
Nbxd2 Nbd7 8. O-O O-O 9. Re1 Qc7 10. d4 dxe4 11. Nxe4 Nxe4 12. Rxe4 Nf6 13. Rxe5 Bg4 14. h3 Bh5 15. Qd3 Rad8 16. Rae1 Bg6 17. Qe3 Rd7 18.
Re7 Rfd8 19. Re8+ 1-0

[Event "Early-Titled-Tuesday-Blitz-January-23-2024"]
[Site "Chess.com"]
[Date "2024.01.23"]
[Round "8"]
[White "Statham_01"]
[Black "LileKoridze"]
[Result "1-0"]
[WhiteElo "2537"]
[BlackElo "2316"]
[TimeControl "180+1"]
[EndTime "9:23:28 PST"]
[Termination "Statham_01 won by resignation"]

1. e4 c5 2. Nf3 d6 3. d4 cxd4 4. Nxd4 Nf6 5. Nc3 a6 6. a3 g6 7. Be3 Bg7 8. f3 Nc6 9. Qd2 Qc7 10. O-O-O b5 11. g4 Bb7 12. g5 Nxd4 13. gxf6 Nb3+ 14. cxb3 Bxf6 15. Kb1 Rc8 16. Bd4 Bxd4 17. Qxd4 O-O 18. h4 h5 19. Rg1 Qc5 20. Qxc5 Rxc5 21. b4 Rc7 22. Nd5 Bxd5 23. exd5 Rfc8 24. Bh3 Rd8 25. Rc1 Rxc1+ 26. Rxc1 1-0

[Event "Early-Titled-Tuesday-Blitz-January-23-2024"]
[Site "Chess.com"]
[Date "2024.01.23"]
[Round "8"]
[White "SpongeBob_03"]
[Black "ljuks68"]
[Result "0-1"]
[WhiteElo "2227"]
[BlackElo "2466"]
[TimeControl "180+1"]
[EndTime "9:23:34 PST"]
[Termination "ljuks68 won by resignation"]

1. d4 d5 2. c4 c6 3. Nc3 Nf6 4. cxd5 cxd5 5. Bg5 Ne4 6. Nxe4 dxe4 7. e3 Qa5+ 8. Qd2 Qxg5 9. Rc1 Bd7 10. Qb4 Nc6 11.
Qxb7 Qa5+ 12. b4 Qxb4+ 13. Qxb4 Nxb4 14. a3 Nd5 15. Bc4 e6 16. Ne2 Bxa3 17. Ra1 Bb4+ 18. Kf1 O-O 19. g3 a5 20. Kg2 Rfc8 21. Bb3 a4 22. Ba2 Rc2 23. Bxd5 exd5 24. Nf4 Be6 25. Nxe6 fxe6 26. Rhc1 Rxc1 27. Rxc1 a3 28. Ra1 a2 0-1

[Event "Early-Titled-Tuesday-Blitz-January-23-2024"]
[Site "Chess.com"]
[Date "2024.01.23"]
[Round "8"]
[White "leepday"]
[Black "omulcafea"]
[Result "0-1"]
[WhiteElo "2129"]
[BlackElo "2445"]
[TimeControl "180+1"]
[EndTime "9:23:57 PST"]
[Termination "omulcafea won by resignation"]

1. d4 Nf6 2. c4 b6 3. Nc3 e6 4. e4 Bb4 5. Bd3 Bb7 6. Qc2 d5 7. cxd5 exd5 8. e5 Ne4 9. Ne2 c5 10. dxc5 bxc5 11. Bxe4 dxe4 12. Be3 Nd7 13. O-O Nxe5 14.
Nxe4 O-O 15. a3 Ba5 16. Qxc5 Ng4 17. N2g3 Bb6 18. Qg5 Nxe3 19. fxe3 Qxg5 20. Nxg5 Bxe3+ 21. Kh1 Bxg5 0-1

[Event "Early-Titled-Tuesday-Blitz-January-23-2024"]
[Site "Chess.com"]
[Date "2024.01.23"]
[Round "8"]
[White "Oleksandr_Bortnyk"]
[Black "tptagain"]
[Result "1-0"]
[WhiteElo "3081"]
[BlackElo "2927"]
[TimeControl "180+1"]
[EndTime "9:24:12 PST"]
[Termination "Oleksandr_Bortnyk won by resignation"]

1. e4 c6 2. d4 d5 3. Nc3 dxe4 4. Nxe4 Nf6 5. Nxf6+ exf6 6. c3 Bd6 7. Bd3 O-O 8. Qc2 Re8+ 9. Ne2 h5 10. O-O h4 11. Nf4 c5 12. Qd1 cxd4 13. Qh5 f5 14.
Bc4 Be6 15. Nxe6 fxe6 16. Re1 Nd7 17. Rxe6 1-0

[Event "Early-Titled-Tuesday-Blitz-January-23-2024"]
[Site "Chess.com"]
[Date "2024.01.23"]
[Round "8"]
[White "AlexOstrovskiy"]
[Black "MVM2008"]
[Result "1-0"]
[WhiteElo "2786"]
[BlackElo "2557"]
[TimeControl "180+1"]
[EndTime "9:24:17 PST"]
[Termination "AlexOstrovskiy won by resignation"]

1. e4 e5 2. Nc3 Bc5 3. Bc4 Nf6 4. d3 b5 5. Bxb5 c6 6. Ba4 d5 7. exd5 O-O 8. dxc6 Ng4 9. Nh3 Qh4 10. Qf3 f5 11.
Qd5+ Kh8 12. Qxc5 Rf6 13. Bg5 1-0

[Event "Early-Titled-Tuesday-Blitz-January-23-2024"]
[Site "Chess.com"]
[Date "2024.01.23"]
[Round "8"]
[White "DDTerziev04"]
[Black "ImportedItalianMaple"]
[Result "1-0"]
[WhiteElo "2235"]
[BlackElo "2448"]
[TimeControl "180+1"]
[EndTime "9:24:18 PST"]
[Termination "DDTerziev04 won by checkmate"]

1. e4 g6 2. d4 Bg7 3. Nf3 c6 4. Nc3 d5 5. Be2 Bg4 6. Be3 Nf6 7. e5 Ne4 8. Nxe4 dxe4 9. Nd2 Bxe2 10. Qxe2 f5 11.
exf6 Bxf6 12. Nxe4 Bxd4 13. O-O-O Bxe3+ 14. Qxe3 Qa5 15. Nd6+ Kf8 16. Qf4+ Kg7 17. Qf7+ Kh6 18. Qxe7 Na6 19.
Nf7+ Kh5 20. Qe2+ Kh4 21. Rd4# 1-0

[Event "Early-Titled-Tuesday-Blitz-January-23-2024"]
[Site "Chess.com"]
[Date "2024.01.23"]
[Round "8"]
[White "deribas12345"]
[Black "Roedor"]
[Result "1-0"]
[WhiteElo "2459"]
[BlackElo "2290"]
[TimeControl "180+1"]
[EndTime "9:24:28 PST"]
[Termination "deribas12345 won by resignation"]

1. d4 Nf6 2. c4 g6 3. Nc3 d5 4.
Bg5 Bg7 5. Nf3 Ne4 6. Bh4 Nxc3 7. bxc3 dxc4 8. e3 b5 9. a4 c6 10. Qb1 a6 11. Be2 O-O 12. O-O Nd7 13. Qe4 Nf6 14.
Qxc6 Qd5 15. Qxd5 Nxd5 16. Rfc1 Bf6 17. Bxf6 exf6 18. axb5 Bb7 19. Bxc4 axb5 20. Rxa8 Rxa8 21. Bxb5 Nxc3 22. Rxc3 Ra1+ 23. Bf1 Ba6 24. Nd2 Rd1 25. Rc2 g5 26. g4 h5 27. gxh5 f5 28.
Kg2 Bb7+ 29. Kg3 Kg7 30. h4 Kh6 31. hxg5+ Kxg5 32. f4+ Kh6 33. Bg2 Rg1 34. Nf3 Bxf3 35. Kxf3 Kxh5 36. Rd2 f6 37. d5 1-0

[Event "Early-Titled-Tuesday-Blitz-January-23-2024"]
[Site "Chess.com"]
[Date "2024.01.23"]
[Round "8"]
[White "kingofthenil"]
[Black "starworld123"]
[Result "1-0"]
[WhiteElo "2695"]
[BlackElo "2836"]
[TimeControl "180+1"]
[EndTime "9:24:32 PST"]
[Termination "kingofthenil won by resignation"]

1. e4 d6 2. d4 Nf6 3. Nc3 g6 4. Nf3 Bg7 5. Bg5 h6 6. Bf4 Nbd7 7. Qd2 g5 8. Bg3 Nh5 9. O-O-O e6 10. d5 Nc5 11. e5 Nxg3 12. hxg3 dxe5 13. Qe3 Qd6 14.
dxe6 Qb6 15. Nd5 Qa5 16. b4 Qxa2 17. Nxc7+ Ke7 18. Qxc5+ Kf6 19. Qxe5+ 1-0

[Event "Early-Titled-Tuesday-Blitz-January-23-2024"]
[Site "Chess.com"]
[Date "2024.01.23"]
[Round "8"]
[White "HeroWilczek"]
[Black "dropstoneDP"]
[Result "0-1"]
[WhiteElo "2472"]
[BlackElo "3038"]
[TimeControl "180+1"]
[EndTime "9:24:46 PST"]
[Termination "dropstoneDP won by resignation"]

1. e4 e5 2. Nf3 Nf6 3. Nxe5 d6 4. Nf3 Nxe4 5. Bd3 d5 6. O-O Be7 7. Re1 O-O 8. Bxe4 dxe4 9. Rxe4 c5 10. d3 Nc6 11. Nc3 b6 12. Bf4 Bb7 13. Re1 Qd7 14.
h3 Rfe8 15. Ne5 Nxe5 16. Bxe5 Bf8 17. Qg4 Re6 18. Bf4 Rae8 19. Rxe6 Rxe6 20. a4 f5 21. Qh4 Be7 22. Qh5 Qc6 23. f3 g6 24. Qh6 g5 25.
Qh5 Rh6 26. Qxg5+ Bxg5 27. Bxg5 Re6 28. Bf4 Qe8 29. Bg3 Qg6 30. Kh2 Qg5 31. h4 Qd2 32.
Kh3 Qxc2 0-1

[Event "Early-Titled-Tuesday-Blitz-January-23-2024"]
[Site "Chess.com"]
[Date "2024.01.23"]
[Round "8"]
[White "TheNextLevelFan"]
[Black "stollenmonster"]
[Result "0-1"]
[WhiteElo "2564"]
[BlackElo "2898"]
[TimeControl "180+1"]
[EndTime "9:24:47 PST"]
[Termination "stollenmonster won by resignation"]

1. e4 c5 2. c3 Nf6 3. e5 Nd5 4. Nf3 Nc6 5. d4 cxd4 6. cxd4 g6 7. Bc4 Nb6 8. Bb3 Bg7 9. h4 d6 10. h5 O-O 11. hxg6 hxg6 12. Bh6 Bxh6 13. Rxh6 Kg7 14. Rh4 dxe5 15. Qd2 Rh8 16. Rxh8 Qxh8 17. dxe5 Qh1+ 18. Ke2 Bg4 19. Qf4 Bxf3+ 20. gxf3 e6 21. Bd1 Rd8 22.
Nc3 Nd4+ 23. Ke3 Qe1+ 24. Ne2 Nd5+ 0-1

[Event "Early-Titled-Tuesday-Blitz-January-23-2024"]
[Site "Chess.com"]
[Date "2024.01.23"]
[Round "8"]
[White "zurzan"]
[Black "azikom"]
[Result "0-1"]
[WhiteElo "2045"]
[BlackElo "2662"]
[TimeControl "180+1"]
[EndTime "9:24:48 PST"]
[Termination "azikom won by resignation"]

1. c4 e5 2. g3 Nc6 3. Bg2 f5 4. Nc3 Nf6 5. d3 Bb4 6. Bd2 d6 7. e4 Bxc3 8. Bxc3 fxe4 9. dxe4 O-O 10. Ne2 Be6 11. b3 Qd7 12. h3 Rf7 13. Qd3 Raf8 14. f3 Nh5 15. O-O-O a6 16. Kb2 Qe7 17. Qe3 b5 18.
cxb5 axb5 19. Rc1 Qd7 20. g4 Nf4 21. Nxf4 Rxf4 22. Rc2 b4 23. Be1 Nd4 24. Rf2 c5 25. Rhf1 Qa7 26. Qc1 Ra8 27. a4 Nxb3 28. Kc2 Nxc1 0-1

[Event "Early-Titled-Tuesday-Blitz-January-23-2024"]
[Site "Chess.com"]
[Date "2024.01.23"]
[Round "8"]
[White "Airquake"]
[Black "Alex_Sahakyan2006"]
[Result "0-1"]
[WhiteElo "2539"]
[BlackElo "2711"]
[TimeControl "180+1"]
[EndTime "9:24:52 PST"]
[Termination "Alex_Sahakyan2006 won by resignation"]

1. b3 e5 2. Bb2 e4 3. d3 exd3 4. Qxd3 d5 5. Nf3 Nf6 6. Nbd2 Nc6 7. a3 Bd6 8. e4 O-O 9. exd5 Re8+ 10. Be2 Ne5 11. Nxe5 Bxe5 12. Bxe5 Rxe5 13. c4 Bf5 14.
Qg3 Qe7 15. O-O Rxe2 16. Nf3 Nh5 17. Qg5 Qxg5 18. Nxg5 Rae8 19. Nf3 Bd3 20. Rfc1 Nf4 21. b4 R2e4 22. g3 Ne2+ 0-1

[Event "Early-Titled-Tuesday-Blitz-January-23-2024"]
[Site "Chess.com"]
[Date "2024.01.23"]
[Round "8"]
[White "Heinza9"]
[Black "Smiechu"]
[Result "1-0"]
[WhiteElo "2336"]
[BlackElo "2479"]
[TimeControl "180+1"]
[EndTime "9:25:02 PST"]
[Termination "Heinza9 won by resignation"]

1. e4 c5 2. Nf3 g6 3. c3 Bg7 4. d4 cxd4 5. cxd4 d5 6. exd5 Nf6 7. Bb5+ Nbd7 8. Nc3 O-O 9. O-O Nb6 10. h3 Nbxd5 11.
Bg5 Bd7 12. Bc4 Be6 13. Bb3 Rc8 14. Rc1 Nxc3 15. bxc3 Bxb3 16. Qxb3 b6 17. c4 Qd6 18. Rfe1 e6 19. Qe3 Qb4 20. Ne5 b5 21. Bxf6 Bxf6 22. Nd7 Bxd4 23. Qxd4 Rxc4 24. Qe5 Rfc8 25. Nf6+ Kg7 26.
Nd5+ 1-0

[Event "Early-Titled-Tuesday-Blitz-January-23-2024"]
[Site "Chess.com"]
[Date "2024.01.23"]
[Round "8"]
[White "Goryachkina"]
[Black "FREZZY23"]
[Result "1-0"]
[WhiteElo "2705"]
[BlackElo "2488"]
[TimeControl "180+1"]
[EndTime "9:25:03 PST"]
[Termination "Goryachkina won by resignation"]

1. e4 c5 2. Nf3 d6 3. d4 cxd4 4. Nxd4 Nf6 5. Nc3 a6 6. g3 e5 7.
Nb3 Be6 8. Bg2 Be7 9. O-O h5 10. Bg5 Nbd7 11. h4 Rc8 12. a4 O-O 13. a5 Qc7 14.
Re1 Nc5 15. Nxc5 Qxc5 16. Bxf6 Bxf6 17. Qxh5 Qb4 18. Nd5 Bxd5 19. exd5 g6 20. Qf3 Kg7 21. h5 Rxc2 22. h6+ Kxh6 23. Qxf6 Qxb2 24. Rab1 Qa2 25.
Rb4 Rc4 26. Rxc4 Qxc4 27. Re4 Qc1+ 28. Bf1 1-0

[Event "Early-Titled-Tuesday-Blitz-January-23-2024"]
[Site "Chess.com"]
[Date "2024.01.23"]
[Round "8"]
[White "rikchessmx"]
[Black "Zq1"]
[Result "0-1"]
[WhiteElo "2380"]
[BlackElo "2516"]
[TimeControl "180+1"]
[EndTime "9:25:03 PST"]
[Termination "Zq1 won by resignation"]

1. e4 c5 2. Nf3 d6 3. d4 cxd4 4. Nxd4 Nf6 5. Nc3 Nc6 6. Bc4 Bd7 7. Bb3 g6 8. f3 Nxd4 9. Qxd4 Bg7 10. Be3 O-O 11.
Qd2 b5 12. a3 a5 13. O-O Qb8 14. Bh6 Bxh6 15. Qxh6 a4 16. Bd5 Ra7 17. Rad1 b4 18. axb4 Qxb4 19. Rb1 a3 20. Na2 Qc5+ 21. Kh1 axb2 22.
Rxb2 Nxd5 23. exd5 Qc4 24. Ra1 Qxd5 25. Qe3 Rfa8 26.
Rb8+ Rxb8 27. Qxa7 Qb7 28. Qxb7 Rxb7 29. c3 Ra7 0-1

[Event "Early-Titled-Tuesday-Blitz-January-23-2024"]
[Site "Chess.com"]
[Date "2024.01.23"]
[Round "8"]
[White "SujanaLohani"]
[Black "fks_stal_mielec"]
[Result "1-0"]
[WhiteElo "2008"]
[BlackElo "2220"]
[TimeControl "180+1"]
[EndTime "9:25:07 PST"]
[Termination "SujanaLohani won by checkmate"]

1. d4 c5 2. d5 e5 3. c4 d6 4. e4 f5 5. Nc3 Nf6 6. Bd3 fxe4 7. Nxe4 Be7 8. Qc2 Na6 9. a3 h6 10. Nxf6+ Bxf6 11. Bg6+ Kf8 12. Ne2 Nb8 13. O-O Nd7 14. f4 exf4 15. Nxf4 Ne5 16. Be4 Kg8 17. Bd2 a5 18. Bc3 Ng4 19. Rae1 Bxc3 20. Qxc3 Qf6 21. Qc2 Qd4+ 22. Kh1 Ne3 23. Rxe3 Qxe3 24. Ng6 Bd7 25. Ne7# 1-0

[Event "Early-Titled-Tuesday-Blitz-January-23-2024"]
[Site "Chess.com"]
[Date "2024.01.23"]
[Round "8"]
[White "Aleksandar-Topalov"]
[Black "Better_Chess_Faster"]
[Result "1/2-1/2"]
[WhiteElo "2337"]
[BlackElo "2132"]
[TimeControl "180+1"]
[EndTime "9:25:21 PST"]
[Termination "Game drawn by repetition"]

1. b3 d5 2. Bb2 c5 3. e3 a6 4. f4 Nc6 5. Nf3 Nf6 6. Be2 Bg4 7.
O-O e6 8. Ne5 Bxe2 9. Qxe2 Rc8 10. d3 Be7 11. Nd2 O-O 12. a4 Qc7 13. Qf3 Nxe5 14.
fxe5 Nd7 15. Qg3 f5 16. exf6 Bxf6 17. Qxc7 Rxc7 18. Bxf6 Rxf6 19. e4 Rxf1+ 20. Rxf1 Nf6 21. Re1 b5 22. axb5 axb5 23. exd5 exd5 24. Nf3 Kf8 25. h3 Re7 26. Rxe7 Kxe7 27. Kf2 Kd6 28. Ke3 d4+ 29. Kf4 Nd5+ 30. Kg3 Ne3 31. Ne1 Ke5 32.
Kf3 Kf5 33. g3 g5 34. g4+ Ke5 35. Kg3 b4 36. Kf3 h6 37. Kg3 Kd5 38. Kf3 Ke5 39. Kg3 Kd5 40. Kf3 Ke5 1/2-1/2